 Dungeon Crawl Stone Soup version 0.29.1-15-g9cfb28693d (webtiles) character file.

Game seed: 12341223622423918082

79 croobank the Sneak (level 4, -1/31 HPs)
             Began as an Octopode Delver on Feb 23, 2023.
             Slain by an orc wizard
             ... wielding a +0 dagger
              (3 damage)
             ... on level 2 of the Dungeon.
             The game lasted 00:06:23 (1887 turns).

croobank the Sneak (Octopode Delver)                Turns: 1887, Time: 00:06:24

Health: -1/31      AC:  1    Str:  9 (11) XL:     4   Next: 37%
Magic:  0/4        EV: 13    Int: 12 (14) God:
Gold:   106        SH:  0    Dex: 10 (13) Spells: 3/4 levels left

rFire   . . .      SeeInvis .   a - +0 hand axe
rCold   . . .      Faith    .   (no shield)
rNeg    + . .      Spirit   .   (helmet restricted)
rPois   .          Reflect  .   (no amulet)
rElec   .          Harm     .   e - ring of positive energy
rCorr   .          Rampage  .   (no ring)
Will    .....                   (no ring)
Stlth   ++........              (no ring)
HPRegen 0.10/turn               (no ring)
MPRegen 0.09/turn               (no ring)
                                (no ring)
                                (no ring)

@: confused, hasted, very quick
A: almost no armour, amphibious, 8 rings, camouflage 1, gelatinous body 1,
(nimble swimmer 1), tentacles
a: no special abilities


You were on level 2 of the Dungeon.
You visited 1 branch of the dungeon, and saw 5 of its levels.

You collected 106 gold pieces.

Inventory:

Hand Weapons
 a - a +0 hand axe (weapon)
 d - a +0 lajatang
 n - a +0 dagger
Missiles
 o - 2 poisoned darts (quivered)
Jewellery
 e - a ring of positive energy (left tentacle)
 h - an amulet of faith
Wands
 f - a wand of digging (3)
Scrolls
 b - a scroll of fog
 c - 2 scrolls of magic mapping
 i - a scroll of enchant armour {unknown}
 k - a scroll of brand weapon {unknown}
 m - 2 scrolls of immolation {unknown}
Potions
 g - a potion of degeneration
 j - 3 potions of curing {unknown}
 l - a potion of invisibility {unknown}
 p - a potion of haste


   Skills:
 * Level 3.4 Fighting
 * Level 2.7 Axes
 * Level 2.5 Dodging
 * Level 6.9 Stealth
 + Level 0.6 Spellcasting
 - Level 0.2 Conjurations
 * Level 0.5 Fire Magic
 - Level 0.3 Air Magic
 - Level 0.8 Poison Magic


You had 3 spell levels left.
You knew the following spells:

 Your Spells              Type           Power      Damage    Failure   Level
a - Foxfire               Conj/Fire      4%         2x1d4     26%         1

Your spell library contained the following spells:

 Spells                   Type           Power      Damage    Failure   Level
 Ignite Poison            Fire/Tmut/Pois 1%         N/A       61%         3
 Mephitic Cloud           Conj/Pois/Air  1%         N/A       61%         3
 Conjure Flame            Conj/Fire      1%         6-21      63%         3
 Inner Flame              Hex/Fire       1%         N/A       63%         3
 Flame Wave               Conj/Fire      1%         2d4       95%         4
 Freezing Cloud           Conj/Ice/Air   0%         6-21      100%        5


Dungeon Overview and Level Annotations

Branches:
Dungeon (5/15)
 Temple: D:4-7

Altars:

Shops:
D:2 *

Annotations:
D:4 Eustachio


Innate Abilities, Weirdness & Mutations

You cannot wear most types of armour.
You are amphibious.
You can wear up to eight rings at the same time.
Your skin changes colour to match your surroundings (Stealth+).
Your rubbery body absorbs attacks. (AC +1, EV +1)
((You are camouflaged when in or above water. (Stealth+)))
You have tentacles for arms and can constrict up to eight enemies at once.


Message History

You kill the orc!
An orc comes into view. It is wielding a +0 dagger.
You hit the orc. Your grab misses the orc.
The orc is moderately wounded.
You closely miss the orc wizard. The orc closely misses you.
You hit the orc wizard. You grab the orc wizard.
The orc wizard is moderately wounded.
You hit the orc but do no damage. You closely miss the orc.
You constrict the orc wizard. You barely miss the orc.
Your grab misses the orc. You squeeze the orc.
You kill the orc!
You hit the orc wizard but do no damage.
You barely miss the orc. You constrict the orc wizard.
The orc wizard escapes!
The orc hits you with a +0 short sword.
You barely miss the orc wizard. Your grab misses the orc wizard.
The orc wizard is heavily wounded.
You hit the orc but do no damage. You hit the orc.
The orc wizard gestures at you while chanting.
You are confused.
The orc misses you. The orc hits you with a +0 short sword.
You bump into the rock wall.
The orc hits you with a +0 dagger. The orc misses you.
The orc wizard misses you.
You hit the orc wizard but do no damage.
You squeeze the orc wizard.
The orc wizard is heavily wounded.
You miss the orc. You hit the orc but do no damage.
You hit the orc but do no damage.
The orc is lightly wounded.
You hit the orc wizard. You closely miss the orc.
The orc wizard barely misses you. The orc hits you with a +0 dagger.
* * * LOW HITPOINT WARNING * * *
The orc hits you with a +0 short sword.
* * * LOW HITPOINT WARNING * * *
It was a potion of degeneration.
There was something very wrong with that liquid.
You feel weakened.
You feel dopey.
You feel clumsy. The orc barely misses you.
The orc hits you with a +0 short sword.
* * * LOW HITPOINT WARNING * * *
The orc wizard hits you with a +0 dagger.
You die...

<....# #........#)#.# .#
......#####...)....#...#
.......<.##...........##
.........##.........#.#####
...#....>##...............#
.#.......##......∩....>...#
#.#.....##.......o.o.......
..
#.....#####oo###.o.###### #
#.....# #o@# #.#......
#.....# #..# #.#..#...
####### ##..# #...o....
#..## ##....... #..#
....... #### #. . ..


You could see an orc wizard and 2 orcs.

Vanquished Creatures
  An orc priest (D:2)
  2 adders
  A worm (D:3)
  A dart slug (D:1)
  3 orcs
  2 ball pythons (D:3)
  2 endoplasms
  2 goblins (D:2)
  A hobgoblin (D:3)
  2 kobolds
  4 bats
  3 frilled lizards (D:2)
  A rat (D:3)
25 creatures vanquished.

Vanquished Creatures (others)
  13 foxfires (D:2)
13 creatures vanquished.

Grand Total: 38 creatures vanquished

Notes
Turn   | Place    | Note
-------+----------+-------------------------------------------
     0 | D:5      | croobank the Octopode Delver began the quest for the Orb.
     0 | D:5      | Reached XP level 1. HP: 16/16 MP: 1/1
   104 | D:4      | Noticed Eustachio
   626 | D:3      | Noticed an iguana
   636 | D:3      | Reached XP level 2. HP: 15/21 MP: 2/2
  1020 | D:3      | Reached XP level 3. HP: 15/26 MP: 3/3
  1532 | D:2      | Found Ciahof Luhi's Assorted Antiques.
  1644 | D:2      | Learned a level 1 spell: Foxfire
  1879 | D:2      | Reached XP level 4. HP: 20/31 MP: 0/4
  1887 | D:2      | Slain by an orc wizard

Illustrated notes

Levels and vault maps discovered:
D:1:      dpeg_arrival_castle, layout_basic, chequers_ecumenical_altar_simple,
          minmay_close_crescents
D:2:      cheibrodos_pilgrimage, layout_rooms, serial_shops, shop
D:3:      minmay_goblin_kobold_castle, layout_basic, uniq_ijyb
D:4:      layout_cave_pods, minmay_temple_entry_slanted,
          kennysheep_cross_bottleneck, uniq_eustachio, uniq_natasha
D:5:      layout_layer_cave, dreamdust_mushroom_princess, minmay_fountain_box,
          uniq_prince_ribbit1, uniq_grinder

Action                   |  1- 3 |  4- 6 || total
-------------------------+-------+-------++-------
Melee: Hand axe          |    40 |     7 ||    47
       Constrict         |    11 |     1 ||    12
       Tentacles         |     7 |     3 ||    10
       Punch             |       |     1 ||     1
Throw: Dart              |     1 |       ||     1
 Cast: Foxfire           |     7 |       ||     7
  Use: Scroll            |     1 |       ||     1
       Potion            |     2 |     1 ||     3
 Stab: Sleeping          |     9 |       ||     9
Armor: Skin              |     6 |       ||     6
Dodge: Dodged            |    28 |     6 ||    34
